[Event "Schack-SM 2023: Mastarklassen"]
[Site "Helsingborg Arena, Mellersta Stenbocksgatan 14, Helsingborg, Sweden"]
[Date "2023.07.03"]
[Round "3.5"]
[White "Troberg Eskola, Love"]
[Black "Frisk, Ellinor"]
[Result "0-1"]
[TimeControl "90 minutes for 40 moves + 30 minutes for the rest of games + 30 seconds per move from move one."]
[BlackTitle "WIM"]
[WhiteElo "2038"]
[BlackElo "2178"]

1. c4 c5 2. Nf3 Nc6 3. Nc3 e5 4. g3 g6 5. Bg2 d6 6. a3 Bg7 7. Rb1 a5 8. d3 Nge7 9. O-O O-O 10.
Ne1 Be6 11. Nd5 Rb8 12. Nxe7+ Nxe7 13. b4 axb4 14. axb4 cxb4 15. Rxb4 d5 16. Ba3 dxc4 17. Rxb7 Rxb7 18. Bxb7 Qc7 19.
Bg2 c3 20. Nc2 Rc8 21. Qa1 Nf5 22.
e3 h5 23. Rc1 Bf8 24. Bxf8 Kxf8 25.
Nb4 Qc5 26. Na6 Qb5 27. Qa3+ Kg8 28. Nb4 Rb8 29. Nd5 Bxd5 30. Bxd5 Qxd5 31. e4 Qd6 32. Qxc3 Nd4 33. Qc5 Nf3+ 34.
Kg2 Ne1+ 35. Kf1 Qxc5 36. Rxc5 Nxd3 37. Rd5 Nb4 38. Rxe5 Nc6 39. Rc5 Nd4 40. Kg2 Kg7 41. Rd5 Ne6 42. f4 Rb2+ 43.
Kg1 Re2 44. e5 Kf8 45. Ra5 Nd4 46.
Ra8+ Kg7 47. Ra3 Nf5 48.
Rf3 Ne3 49. h3 Kf8 50. Rf2 Rxf2 51. Kxf2 Nd5 52. Kf3 Ke7 53. g4 hxg4+ 54. hxg4 Ke6 55. Ke4 Nxf4 56. Kxf4 Kd5 57. Kf3 Kxe5 58.
Ke3 g5 59. Kf3 Kd4 0-1

[Event "Schack-SM 2023: Mastarklassen"]
[Site "Helsingborg Arena, Mellersta Stenbocksgatan 14, Helsingborg, Sweden"]
[Date "2023.07.03"]
[Round "3.6"]
[White "Muntean, Victor"]
[Black "Jogstad, Daniel"]
[Result "0-1"]
[TimeControl "90 minutes for 40 moves + 30 minutes for the rest of games + 30 seconds per move from move one."]
[BlackTitle "CM"]
[WhiteElo "2097"]
[BlackElo "2131"]

1. e4 c5 2. b3 Nc6 3. Bb2 d6 4.
f4 Nf6 5. Nc3 e5 6. fxe5 dxe5 7. Nf3 Bg4 8. Bc4 Be7 9. Bd5 O-O 10. Bxc6 bxc6 11. h3 Bxf3 12. Qxf3 c4 13. Qe2 cxb3 14.
axb3 Bc5 15. Ba3 Nd7 16. Bxc5 Nxc5 17. Qf2 Ne6 18. Ne2 Qg5 19. Qg3 Qh5 20. Rf1 f6 21. Ra6 Rfd8 22. d3 Qf7 23.
Rxc6 Rac8 24. Rc4 Rxc4 25. bxc4 Rb8 26. Qe3 Rb2 27. Qd2 Qb7 28. Kf2 Qb6+ 29. Kg3 h5 30. Kh2 h4 31. Nc3 Qb4 32.
Rf2 Nd4 33. Nd5 Qxd2 34. Rxd2 a5 35. Ne3 a4 36. Rd1 a3 37. Ra1 a2 38. c5 Kf7 39. c6 Ke6 40. Nc4 Nxc2 41. Rc1 Rb8 42.
Nb6 a1=Q 43. Rxa1 Nxa1 44. c7 Rf8 45. c8=Q+ Rxc8 46. Nxc8 Nc2 47. Kg1 Nb4 48. Kf2 Nxd3+ 49. Kf3 Nc5 50.
Nb6 g6 51. Nc4 f5 52. exf5+ gxf5 53. Ke3 Ne4 54. Kf3 Ng5+ 55. Ke2 f4 56. Kd3 Nf7 57. Nd2 Nd6 58. Kc3 Kd5 59. Nf3 Nf5 60.
Kd2 e4 61. Ne1 Nd4 62. Kd1 Kc5 63. Kd2 Kc4 64. Kd1 Kc3 65. Kc1 f3 0-1

[Event "Schack-SM 2023: Mastarklassen"]
[Site "Helsingborg Arena, Mellersta Stenbocksgatan 14, Helsingborg, Sweden"]
[Date "2023.07.03"]
[Round "3.7"]
[White "Carlstrom, Niklas"]
[Black "Joensson, Jacob"]
[Result "0-1"]
[TimeControl "90 minutes for 40 moves + 30 minutes for the rest of games + 30 seconds per move from move one."]
[WhiteElo "2125"]
[BlackElo "2039"]

1. e4 e5 2. Nc3 Nf6 3. Bc4 Bc5 4. d3 d6 5. Na4 Bb6 6. Nxb6 axb6 7. f4 Nc6 8. Nf3 Bg4 9. a3 O-O 10.
h3 Bxf3 11. Qxf3 b5 12. Ba2 b4 13. O-O bxa3 14. bxa3 Nd4 15. Qf2 Qd7 16. Kh1 Kh8 17. fxe5 dxe5 18. Qh4 Ng8 19. Rf2 f6 20.
Bb2 Ne7 21. c3 Nb5 22. d4 exd4 23. cxd4 Nxd4 24. Raf1 Ng6 25. Qh5 b6 26. e5 fxe5 27. Rxf8+ Rxf8 28. Rxf8+ Nxf8 29. Qxe5 c5 30.
Qb8 Qf5 31. Qxb6 Ne2 32. Bxg7+ Kxg7 33. Qb2+ Nd4 34. a4 Nd7 35. a5 Kf8 36. Qc1 Ke7 37. a6 Nc6 38. Qb2 Qf1+ 39. Kh2 Qxa6 40.
Qg7+ Kd8 41. Be6 Nce5 42. Bxd7 Nxd7 43. Qxh7 c4 44. Qh8+ Kc7 45. Qc3 Qd6+ 46. Kg1 Ne5 47. h4 Kc6 48.
Kf2 Ng4+ 49. Kf3 Qf6+ 50. Qxf6+ Nxf6 51. g4 Nxg4 0-1

[Event "Schack-SM 2023: Mastarklassen"]
[Site "Helsingborg Arena, Mellersta Stenbocksgatan 14, Helsingborg, Sweden"]
[Date "2023.07.03"]
[Round "3.8"]
[White "Soppela, Toni"]
[Black "Nylen, Anders"]
[Result "1-0"]
[TimeControl "90 minutes for 40 moves + 30 minutes for the rest of games + 30 seconds per move from move one."]
[WhiteElo "2032"]
[BlackElo "2094"]

1. d4 Nf6 2. c4 g6 3. Nc3 d5 4. cxd5 Nxd5 5. e4 Nxc3 6. bxc3 Bg7 7. Nf3 c5 8. Bb5+ Bd7 9. Be2 O-O 10.
Rb1 e6 11. O-O Bc6 12. Qc2 Nd7 13. Bb5 Bxb5 14. Rxb5 cxd4 15. cxd4 Nb6 16. Rd1 Qd7 17. Qb3 Rfc8 18. a4 Qc6 19.
a5 Qxc1 20. axb6 axb6 21. g3 Ra3 22. Rxc1 Rxc1+ 23. Kg2 Rxb3 24. Rxb3 Rc6 25. Kf1 Kf8 26. Ke2 Ke8 27. Kd3 h6 28.
Rb5 Kd8 29. Nd2 Rc1 30. Rxb6 Kc7 31. Rb2 Kc6 32. h4 b5 33. Nb3 Re1 34. Rc2+ Kb6 35. Rc8 Rf1 36. Ke3 Rb1 37. Nd2 Rd1 38.
e5 h5 39. f4 b4 40. Rg8 Bh6 41. Rh8 Bg7 42. Rh7 Bf8 43. Rxf7 Bh6 44. Rf6 Rg1 45. Rxe6+ Kb5 46. Rxg6 Bf8 47.
Rg8 Be7 48. f5 Bxh4 49. Rb8+ 1-0

[Event "Schack-SM 2023: Mastarklassen"]
[Site "Helsingborg Arena, Mellersta Stenbocksgatan 14, Helsingborg, Sweden"]
[Date "2023.07.03"]
[Round "3.9"]
[White "Liden, Tommy"]
[Black "Persson, Lars 1971"]
[Result "1-0"]
[TimeControl "90 minutes for 40 moves + 30 minutes for the rest of games + 30 seconds per move from move one."]
[WhiteElo "2107"]
[BlackElo "1941"]

1. e4 c5 2. Nf3 e6 3. c3 d5 4. e5 Nc6 5. d4 Bd7 6. Be2 Rc8 7. O-O Be7 8. a3 cxd4 9. cxd4 Na5 10.
Nbd2 Qc7 11. b4 Nc4 12. Nb3 Ba4 13. Qd3 b6 14. Ra2 Bd8 15. Rc2 Qd7 16. Rc3 Ne7 17. Qc2 b5 18. Qa2 Bxb3 19.
Qxb3 Bb6 20. Rd1 O-O 21. Bd3 Ng6 22. h4 Bd8 23. g3 Re8 24. h5 Nf8 25. Bb1 Rc6 26. Qc2 Be7 27. Ne1 Rec8 28.
Qe2 Qd8 29. Nd3 Nxe5 30. Rxc6 Nxc6 31. Nc5 Bf6 32. Be3 Qe7 33. Qxb5 Bg5 34. f4 Bh6 35. Qd3 f5 36. Kg2 Qf7 37.
Qe2 Nd8 38. b5 g6 39. hxg6 hxg6 40. a4 Bg7 41. Qa2 Nb7 42. Rc1 Nd6 43. Bd3 Nh7 44. a5 Nf6 45. b6 axb6 46. axb6 Ng4 47.
Bg1 g5 48. fxg5 Qh5 49. Qe2 Re8 50. b7 e5 51. dxe5 Bxe5 52. Nd7 Nxb7 53. Bxf5 Bb2 54. Be6+ 1-0

[Event "Schack-SM 2023: Junior-SM"]
[Site "Helsingborg Arena, Mellersta Stenbocksgatan 14, Helsingborg, Sweden"]
[Date "2023.07.03"]
[Round "3.1"]
[White "Wernberg, Hugo"]
[Black "Falkevall, Axel"]
[Result "0-1"]
[TimeControl "90 minutes for 40 moves + 30 minutes for the rest of the game + 30 seconds per move from move one."]
[WhiteTitle "FM"]
[BlackTitle "FM"]
[WhiteElo "2217"]
[BlackElo "2311"]

1. d4 Nf6 2. c4 g6 3. Nf3 Bg7 4. e3 O-O 5. Nc3 c5 6. d5 d6 7. h3 e6 8. Bd3 exd5 9. cxd5 Na6 10.
O-O Nc7 11. e4 b5 12. Re1 Rb8 13. Bf1 Re8 14. e5 b4 15. exf6 bxc3 16. Rxe8+ Nxe8 17. fxg7 cxb2 18. Bxb2 Rxb2 19.
Qc1 Qf6 20. Rb1 Rxb1 21. Qxb1 Qe7 22. Bb5 Nf6 23. Bc6 Kxg7 24. Qb8 Bf5 25. Qa8 Be4 26. a4 Bxf3 27. gxf3 c4 28. Bb5 Qe1+ 29.
Kg2 c3 30. Bd3 Qd2 31. Bb1 c2 32. Bxc2 Qxc2 33. Qxa7 Qd1 34. Qb6 Qxa4 35. Qxd6 Qd4 0-1

[Event "Schack-SM 2023: Veteran-SM 65+"]
[Site "Helsingborg Arena, Mellersta Stenbocksgatan 14, Helsingborg, Sweden"]
[Date "2023.07.03"]
[Round "3.1"]
[White "Blomstrom, Lars"]
[Black "Soderberg, Per"]
[Result "0-1"]
[TimeControl "90 minutes for 40 moves + 30 minutes for the rest of games + 30 seconds per move from move one."]
[BlackTitle "CM"]
[WhiteElo "2021"]
[BlackElo "2111"]

1. e4 c5 2. Nc3 Nc6 3. f4 d6 4.
Bb5 Bd7 5. Bxc6 Bxc6 6. Nf3 g6 7. O-O Bg7 8. d3 b5 9. Qe1 b4 10. Nd1 e6 11. f5 gxf5 12. Qg3 Kf8 13. Nf2 Ne7 14.
Qh3 h6 15. Qh5 Qe8 16. Rb1 Kg8 17. Bd2 fxe4 18. Nxe4 Bxe4 19. dxe4 f5 20. Qh3 Qg6 21. exf5 Nxf5 22. Nh4 Nxh4 23.
Qxh4 Rh7 24. c3 a5 25. Rbe1 Rf8 26. Rxf8+ Bxf8 27. Qc4 d5 28. Qa6 Re7 29. Rf1 Rf7 30. Re1 Qf5 31. Qxe6 Qf2+ 32.
Kh1 Kh7 33. Qe3 0-1

[Event "Schack-SM 2023: Veteran-SM 50+"]
[Site "Helsingborg Arena, Mellersta Stenbocksgatan 14, Helsingborg, Sweden"]
[Date "2023.07.03"]
[Round "3.1"]
[White "Nilsson, Patrik 1968"]
[Black "Wahlund, Max"]
[Result "0-1"]
[TimeControl "90 minutes for 40 moves + 30 minutes for the rest of games + 30 seconds per move from move one."]
[BlackTitle "CM"]
[WhiteElo "1931"]
[BlackElo "2002"]

1. e4 d6 2. d4 Nf6 3. Nc3 Nbd7 4. Nf3 e5 5. Bc4 Be7 6. O-O c6 7. a4 a5 8. Re1 Qc7 9. Bb3 h6 10.
Qd3 Nf8 11. dxe5 dxe5 12. Be3 Ne6 13. Rad1 Ng4 14. Qc4 Nxe3 15. Rxe3 O-O 16. Ree1 b6 17. Qf1 Bb4 18. Bxe6 Bxe6 19. Re3 Rad8 20. Rxd8 Rxd8 21. Rd3 f6 22.
Qd1 Rxd3 23. Qxd3 Qd7 24. Qxd7 Bxd7 25. Nb1 Kf7 26. Nbd2 Be6 27. Kf1 g5 28. c3 Bc5 29. Ke2 b5 30.
axb5 cxb5 31. Ne1 h5 32. Nd3 Bb6 33. Ne1 Ke7 34. Nc2 Kd6 35. Ne1 Bc8 36. Nc2 Ba6 37. Ke1 Ke6 38. Nf1 f5 39.
exf5+ Kxf5 40. Ng3+ Kg6 41.
Ne4 b4 42. f3 g4 43. cxb4 gxf3 44. gxf3 axb4 45. Nd2 Bc5 46. Nb3 Bf8 47. Kf2 Bc4 48. Nd2 Bd3 49. Ne1 Bc5+ 50. Kg3 Bf5 51.
Ng2 Kh6 52. Nh4 Bc2 53. Nc4 Bd4 54. Ng2 Bd3 55. Nge3 Kg5 56. h4+ Kf6 57. Nd5+ Ke6 58. Nde3 b3 59. f4 e4 60. f5+ Kd7 61.
Kf4 Bf6 62. Nd2 Bc2 63. Nxe4 Bxb2 64. Nc5+ Kc6 65. Na4 Bf6 66. Nc4 Kb5 67. Nab2 Kc5 68. Ne5 Kd5 69. Ned3 Bxh4 70. Nb4+ Kd4 71.
Nc6+ Kd5 72. Ne5 Bf6 73. Ned3 h4 74. Kg4 Ke4 75. Nc5+ Ke3 76. Nca4 Kf2 77. Nc4 h3 78. Kxh3 Bxf5+ 79. Kh2 Bg5 80. Nc3 Bf4 81. Kh1 Bc2 82. Nb2 Be5 83. Nba4 Kf1 0-1

[Event "Schack-SM 2023: Sverigemastarklassen"]
[Site "Helsingborg Arena, Mellersta Stenbocksgatan 14, Helsingborg, Sweden"]
[Date "2023.07.02"]
[Round "2.5"]
[White "Blomqvist, Erik"]
[Black "Johansson, Linus"]
[Result "0-1"]
[TimeControl "90 minutes for 40 moves + 30 minutes for the rest of the game + 30 seconds per move from move one."]
[WhiteTitle "GM"]
[BlackTitle "IM"]
[WhiteElo "2500"]
[BlackElo "2466"]

1. e4 c5 2. Nf3 Nc6 3. d4 cxd4 4. Nxd4 Nf6 5. Nc3 e5 6. Ndb5 d6 7. Bg5 a6 8. Na3 b5 9. Nab1 Be7 10.
Bxf6 Bxf6 11. a4 b4 12. Nd5 O-O 13. Bc4 g6 14. O-O Bg5 15. c3 Na5 16. Ba2 b3 17. Bxb3 Rb8 18. Ra3 Bd7 19.
f4 exf4 20. Nd2 Rb7 21. Kh1 Qe8 22. Nf3 Bd8 23. Ba2 Rxb2 24. Qc1 Re2 25. Nxf4 Rxe4 26. Bd5 Re3 27. c4 Rxa3 28. Qxa3 Qe7 29.
h4 Nc6 30. Ng5 Ne5 31. g3 Ng4 32. Nxf7 Rxf7 33. Nxg6 Qe2 34. Bxf7+ Kg7 35. Qc3+ Bf6 0-1

[Event "Schack-SM 2023: Mastarklassen-elit"]
[Site "Helsingborg Arena, Mellersta Stenbocksgatan 14, Helsingborg, Sweden"]
[Date "2023.07.02"]
[Round "2.4"]
[White "Olund, Joar"]
[Black "Crevatin, Leo"]
[Result "1/2-1/2"]
[TimeControl "90 minutes for 40 moves + 30 minutes for the rest of games + 30 seconds per move from move one."]
[WhiteTitle "FM"]
[BlackTitle "FM"]
[WhiteElo "2399"]
[BlackElo "2265"]

1. d4 d5 2. Bf4 Nf6 3. e3 c5 4. c3 Nc6 5. Nd2 Bf5 6. Qb3 Qd7 7. Ngf3 c4 8. Qd1 b5 9. Be2 e6 10.
Ne5 Nxe5 11. Bxe5 Ne4 12. a3 a5 13. O-O Nxd2 14. Qxd2 Bg6 15. Bd1 f6 16. Bg3 Bd6 17. Bc2 Bxc2 18.
Qxc2 Bxg3 19. hxg3 O-O 20. e4 dxe4 21. Qxe4 a4 22. Rfe1 Rfe8 23. Re3 Qd5 24. Rae1 Qxe4 25. Rxe4 Kf7 26. g4 g5 27. g3 Rad8 28.
Kg2 h6 29. f4 gxf4 30. gxf4 h5 31. f5 Rg8 32. fxe6+ Ke7 33. Kf3 Rxg4 34. Rxg4 hxg4+ 35. Kxg4 Rd5 36. Kf4 Rh5 37. Re2 Rg5 38.
Kf3 Rf5+ 39. Kg4 Rg5+ 40. Kh4 Rd5 41. Kg4 Rg5+ 42. Kf4 Rh5 43. Kf3 Rf5+ 44. Kg4 1/2-1/2

[Event "Schack-SM 2023: Mastarklassen"]
[Site "Helsingborg Arena, Mellersta Stenbocksgatan 14, Helsingborg, Sweden"]
[Date "2023.07.02"]
[Round "2.6"]
[White "Sundin, Emanuel"]
[Black "Joensson, Jacob"]
[Result "1-0"]
[TimeControl "90 minutes for 40 moves + 30 minutes for the rest of games + 30 seconds per move from move one."]
[WhiteElo "2103"]
[BlackElo "2039"]

1. e4 e5 2. Nf3 Nc6 3. d4 exd4 4. Bc4 Be7 5. Nxd4 Nf6 6. Nc3 O-O 7. O-O d6 8. Re1 Re8 9. h3 Bd7 10.
Bf4 Bf8 11. Bg3 g6 12. f4 Bg7 13. Nf3 Qc8 14. Ng5 Nd8 15. a4 h6 16. Nf3 Ne6 17. Bh2 Bc6 18. e5 dxe5 19. Nxe5 Bd7 20.
Qf3 c6 21. Kh1 Re7 22. Rad1 Qe8 23. Nxd7 Rxd7 24. f5 Rxd1 25. Qxd1 gxf5 26. Qf3 Ne4 27. Nxe4 fxe4 28. Qxe4 Rd8 29.
c3 Rd2 30. Qg4 Qd8 31. Bf4 Nxf4 32. Qxf4 Rd1 33. Bxf7+ Kh8 34. Qf1 Rxe1 35. Qxe1 c5 36. Bb3 b6 37. Bc2 a5 38. Qe4 Kg8 39. Bb3+ Kh8 40. Bc2 Kg8 41. Qe6+ Kh8 42.
Qf5 Kg8 43. Qh7+ Kf8 44. Bb3 Qf6 45. Bc4 Qe5 46. Qg8+ Ke7 47. Qf7+ Kd8 48. Qf2 Ke7 49. Kg1 Bf6 50. Kf1 Qe4 51.
Qe2 Qxe2+ 52. Kxe2 Kd6 53. Kd3 Ke5 54. Bf7 Kf4 55. Kc4 Kg3 56. Bd5 h5 57. Kb5 Bd8 58. Kc6 h4 59. Kd7 Bg5 60. Kc7 Bc1 61. Kxb6 Bxb2 62.
Kxa5 Bxc3+ 63. Kb5 Bd4 64. a5 Be3 65. Kc4 Bf4 66. Kxc5 1-0

[Event "Schack-SM 2023: Mastarklassen-elit"]
[Site "Helsingborg Arena, Mellersta Stenbocksgatan 14, Helsingborg, Sweden"]
[Date "2023.07.02"]
[Round "2.5"]
[White "Walinder, Lars"]
[Black "Lind, Jan-Olov"]
[Result "1/2-1/2"]
[TimeControl "90 minutes for 40 moves + 30 minutes for the rest of games + 30 seconds per move from move one."]
[WhiteTitle "FM"]
[WhiteElo "2310"]
[BlackElo "2191"]

1. c4 c5 2. Nf3 Nc6 3. d4 cxd4 4. Nxd4 g6 5. e4 Bg7 6. Be3 Nf6 7. Nc3 O-O 8. Be2 d6 9. O-O Bd7 10.
Qd2 Nxd4 11. Bxd4 Bc6 12. f3 a5 13. b3 Nd7 14. Be3 Nc5 15. Rab1 e6 16. Bd1 f5 17. exf5 gxf5 18. Bc2 f4 19.
Bf2 Be5 20. Rbd1 Qe7 21. Bd4 Bxd4+ 22. Qxd4 Rad8 23. Rfe1 e5 24. Qd2 Qg7 25. Be4 Kh8 26. Bd5 Bxd5 27. Qxd5 Rg8 28. Re2 Qg6 29.
Ne4 Nxe4 30. Qxe4 Qg7 31. Rd5 Qc7 32. Red2 b6 33. Qd3 Qg7 34. Rxd6 e4 35. Qd4 Qxd4+ 36. R6xd4 Rxd4 37. Rxd4 exf3 38.
Rd2 fxg2 39. Rxg2 Rd8 40. Kf2 a4 41. Kf3 axb3 42. axb3 Rd3+ 43. Kxf4 Rxb3 44. Ke4 Rh3 45. Kd4 Rh5 46.
Rb2 Rh6 47. Rg2 Rh5 48. Re2 Rh6 49. Kd5 Kg7 50. Re6 Rh5+ 51. Kd4 Rh4+ 52. Kc3 Rh3+ 53. Kd4 Rh4+ 54. Kd5 Rh5+ 55. Kd4 1/2-1/2

[Event "Schack-SM 2023: Mastarklassen"]
[Site "Helsingborg Arena, Mellersta Stenbocksgatan 14, Helsingborg, Sweden"]
[Date "2023.07.02"]
[Round "2.7"]
[White "Frisk, Ellinor"]
[Black "Persson, Lars 1971"]
[Result "1-0"]
[TimeControl "90 minutes for 40 moves + 30 minutes for the rest of games + 30 seconds per move from move one."]
[WhiteTitle "WIM"]
[WhiteElo "2178"]
[BlackElo "1941"]

1. Nf3 d6 2. e4 Nf6 3. Nc3 Nbd7 4. d4 e5 5. dxe5 dxe5 6. Bc4 Be7 7. Qe2 O-O 8. O-O c6 9. a4 Qc7 10.
h3 Nc5 11. Rd1 Be6 12. Bg5 Bxc4 13. Qxc4 Ne6 14. Be3 b6 15. Ne2 Rad8 16. Ng5 Rxd1+ 17. Rxd1 Rd8 18. Rxd8+ Nxd8 19. Ng3 h6 20.
Nf3 Ne6 21. b4 c5 22. b5 Nd7 23. Nf5 Bf6 24. g3 Ndf8 25. c3 Qd7 26. Kg2 Nc7 27. Bd2 Ng6 28. Kf1 Ne7 29. Nxe7+ Qxe7 30.
Qd3 Qe6 31. Kg2 c4 32. Qe2 Ne8 33. Bc1 Be7 34. Be3 Nd6 35. Nd2 f6 36. f3 Qc8 37. Bf2 Bf8 38. Nf1 Nb7 39. Ne3 Na5 40. Qd1 Be7 41. Qd5+ Kf8 42.
Nf5 Qd8 43. Qe6 Ba3 44. Be3 Be7 45. h4 Qc7 46. h5 Qd8 47. Nh4 Qd6 48. Ng6+ Ke8 49. Qg8+ Bf8 50. g4 Qa3 51. Qe6+ Be7 52.
Qc8+ Bd8 53. Qe6+ Be7 54. Kg3 Qd6 55. Qg8+ Bf8 56. Nh4 Qe7 57. Qd5 Qd7 58. Qa8+ Kf7 59. Ng6 Ba3 60. Nh8+ Ke6 61.
Qg8+ Kd6 62. Nf7+ Kc7 63. Qxg7 Bb2 64. Qxf6 Bxc3 65. Nxe5 Be1+ 66. Kf4 Qh7 67. Nxc4 Bb4 68. Qe5+ Kd7 69.
Qd5+ Kc8 70. Qa8+ Kc7 71. Qxa7+ Nb7 72. Bxb6+ 1-0

[Event "Schack-SM 2023: Mastarklassen"]
[Site "Helsingborg Arena, Mellersta Stenbocksgatan 14, Helsingborg, Sweden"]
[Date "2023.07.02"]
[Round "2.8"]
[White "Nylen, Anders"]
[Black "Carlstrom, Niklas"]
[Result "1/2-1/2"]
[TimeControl "90 minutes for 40 moves + 30 minutes for the rest of games + 30 seconds per move from move one."]
[WhiteElo "2094"]
[BlackElo "2125"]

1. d4 f5 2. Nf3 Nf6 3. h3 d5 4.
Bf4 e6 5. e3 Bd6 6. Be2 O-O 7. O-O b6 8. Nbd2 Bb7 9. Ne5 Nbd7 10. Ndf3 Qe7 11. a4 a5 12. Rc1 Ne4 13. c4 Nxe5 14. Nxe5 g5 15. Bh2 f4 16. f3 Nf6 17. exf4 gxf4 18.
Bxf4 Nh5 19. Bh6 Bxe5 20. Bxf8 Rxf8 21. dxe5 Qg5 22. Rf2 Nf4 23. Kh1 d4 24. Qd2 Kh8 25. Bd3 Qg3 26. Rcf1 Rg8 27.
Be4 Nxh3 28. Qh6 Nxf2+ 29. Rxf2 Rg7 30. Kg1 Bxe4 31. fxe4 Qxe5 32. Rf8+ Rg8 33. Rf7 Rg7 34. Rf8+ Rg8 35.
Rf7 Rg7 36. Rf8+ 1/2-1/2

[Event "Schack-SM 2023: Mastarklassen"]
[Site "Helsingborg Arena, Mellersta Stenbocksgatan 14, Helsingborg, Sweden"]
[Date "2023.07.02"]
[Round "2.9"]
[White "Troberg Eskola, Love"]
[Black "Liden, Tommy"]
[Result "1-0"]
[TimeControl "90 minutes for 40 moves + 30 minutes for the rest of games + 30 seconds per move from move one."]
[WhiteElo "2038"]
[BlackElo "2107"]

1. c4 e6 2. Nc3 d5 3. e3 c6 4. Nf3 Bd6 5. b3 f5 6. Bb2 Nf6 7. Qc2 O-O 8. Be2 a6 9. d4 f4 10.
e4 dxe4 11. Nxe4 Nxe4 12. Qxe4 Bb4+ 13. Kf1 Qf6 14. Bd3 Qh6 15. h4 Nd7 16. Ng5 Nf6 17. Qxf4 e5 18. Qc1 Ng4 19. f3 Bf5 20.
Bxf5 Rxf5 21. Kg1 Nf6 22. a3 Be7 23. Qb1 Rf4 24. g3 Rxf3 25. Nxf3 Qe3+ 26. Kg2 Qe2+ 27. Kh3 Qxf3 28. Qd1 Qf5+ 29.
Kg2 Ng4 30. Qe2 exd4 31. Bxd4 Re8 32. Rae1 c5 33. Rhf1 Qd7 34. Bxc5 Qc6+ 35. Qf3 Bxc5 36. Qxc6 1-0

[Event "Schack-SM 2023: Veteran-SM 65+"]
[Site "Helsingborg Arena, Mellersta Stenbocksgatan 14, Helsingborg, Sweden"]
[Date "2023.07.02"]
[Round "2.1"]
[White "Soderberg, Per"]
[Black "Westin, Ake"]
[Result "1-0"]
[TimeControl "90 minutes for 40 moves + 30 minutes for the rest of games + 30 seconds per move from move one."]
[WhiteTitle "CM"]
[WhiteElo "2111"]
[BlackElo "2009"]

1. e4 e6 2. d4 d5 3. Nc3 Nc6 4. e5 f6 5. Nf3 fxe5 6. dxe5 Bc5 7. Bd3 Qe7 8. O-O Nh6 9. Bg5 Qf7 10.
Qd2 Qh5 11. Ne2 Ng4 12. Ng3 Qf7 13. Rae1 Bd7 14. h3 Nh6 15. Bxh6 gxh6 16. Qxh6 Bf8 17. Qh5 Be7 18. c3 Qxh5 19.
Nxh5 O-O-O 20. Nd4 Rdf8 21. g3 Rf7 22. Nf4 Nd8 23. Kh2 c5 24. Nc2 Nc6 25. Bb5 Kc7 26. Nxd5+ exd5 27. e6 Rf3 28.
exd7 Kxd7 29. Kg2 Rhf8 30. Be2 R3f6 31. f4 d4 32. Bb5 Rd6 33. cxd4 cxd4 34. Rd1 Bf6 35. Nb4 Kc7 36. Bxc6 bxc6 37.
Nd3 Re8 38. Rfe1 Re3 39. Kf2 Rde6 40. Rd2 h5 41. h4 Bg7 42. Rde2 Rg6 43. Rxe3 dxe3+ 44. Kf3 Bd4 45. Re2 c5 46.
Ne1 Rb6 47. b3 a5 48. Ng2 a4 49. bxa4 Ra6 50. Nxe3 Rxa4 51. Nf5 Bf6 52. Rc2 Kc6 53. Ne3 Kb5 54. g4 hxg4+ 55. Kxg4 c4 56.
h5 Bd4 57. Rxc4 Rxc4 58. Nxc4 Kxc4 59. Kg5 1-0

[Event "Schack-SM 2023: Veteran-SM 50+"]
[Site "Helsingborg Arena, Mellersta Stenbocksgatan 14, Helsingborg, Sweden"]
[Date "2023.07.02"]
[Round "2.1"]
[White "Bengtsson, Ola"]
[Black "Petersson, Kjell"]
[Result "1/2-1/2"]
[TimeControl "90 minutes for 40 moves + 30 minutes for the rest of games + 30 seconds per move from move one."]
[BlackTitle "CM"]
[WhiteElo "1991"]
[BlackElo "2061"]

1. d4 f5 2. g3 Nf6 3. Bg2 e6 4. Bg5 d5 5. f3 c5 6. e4 h6 7. Bxf6 Qxf6 8. c3 cxd4 9. cxd4 Bb4+ 10.
Nc3 fxe4 11. fxe4 O-O 12. Nh3 dxe4 13. Rf1 Qd8 14.
Rxf8+ Qxf8 15. Qb3 Nc6 16. O-O-O Na5 17. Qc2 Bd7 18. Nf4 Bxc3 19.
bxc3 Qa3+ 20. Qb2 Qxb2+ 21. Kxb2 Nc4+ 22. Kb3 Ba4+ 23. Kxc4 Rc8+ 24. Kb4 Bxd1 25.
Bxe4 Kf7 26. c4 g5 27. Nd3 Rc7 28. a4 Kf6 29. a5 Bc2 30. c5 h5 31. Kb5 h4 32. gxh4 gxh4 33. a6 bxa6+ 34. Kxa6 Kg5 35. Nf2 Bxe4 36. Nxe4+ Kf4 37. Nd6 Ke3 38. Nb5 Rg7 39. c6 h3 40. c7 Rxc7 41. Nxc7 Kxd4 42. Nxe6+ 1/2-1/2

[Event "Schack-SM 2023: Junior-SM"]
[Site "Helsingborg Arena, Mellersta Stenbocksgatan 14, Helsingborg, Sweden"]
[Date "2023.07.02"]
[Round "2.1"]
[White "Carlsson, Ludvig"]
[Black "Wernberg, Hugo"]
[Result "1/2-1/2"]
[TimeControl "90 minutes for 40 moves + 30 minutes for the rest of the game + 30 seconds per move from move one."]
[WhiteTitle "IM"]
[BlackTitle "FM"]
[WhiteElo "2373"]
[BlackElo "2217"]

1. e4 e5 2. Nf3 Nc6 3. Bb5 a6 4. Ba4 Nf6 5. O-O Nxe4 6. d4 b5 7. Bb3 d5 8. dxe5 Be6 9. Nbd2 Be7 10.
c3 O-O 11. Bc2 f5 12. Nb3 Qd7 13. Nfd4 Nxd4 14. Nxd4 c5 15. Nxe6 Qxe6 16. f3 Ng5 17. Bxg5 Bxg5 18. f4 Be7 19.
Kh1 Rad8 20. a4 Qb6 21. axb5 axb5 22. Qe2 c4 23. b3 Qc5 24. Rad1 d4 25. bxc4 bxc4 26. cxd4 Rxd4 27. Rxd4 Qxd4 28.
Qf3 Qd2 29. Bb1 g6 30. Rd1 Qb4 31. h3 c3 32. Bc2 Kh8 33. Rd7 Rd8 34. Rxd8+ Bxd8 35. Qd5 Be7 36. Qf7 Qa3 37. Kh2 Qb4 38.
Kh1 Qa3 39. Kh2 Qb4 40. Kh1 1/2-1/2

[Event "Schack-SM 2023: Veteran-SM 65+"]
[Site "Helsingborg Arena, Mellersta Stenbocksgatan 14, Helsingborg, Sweden"]
[Date "2023.07.02"]
[Round "2.2"]
[White "Malmdin, Nils-Ake"]
[Black "Wedin, Svante"]
[Result "1-0"]
[TimeControl "90 minutes for 40 moves + 30 minutes for the rest of games + 30 seconds per move from move one."]
[WhiteTitle "FM"]
[WhiteElo "2091"]
[BlackElo "1932"]

1. e4 c5 2. Nf3 g6 3. d4 cxd4 4. Nxd4 Nf6 5. Nc3 d6 6. Be3 Bg7 7. Be2 O-O 8. Qd2 Nc6 9. O-O-O Nxd4 10.
Bxd4 Be6 11. h4 Qa5 12. Qg5 Qxg5+ 13. hxg5 Ng4 14. Bxg4 Bxg4 15. f3 Bxd4 16. Rxd4 Be6 17. e5 dxe5 18.
Rdh4 h5 19. gxh6 Kh7 20. Re1 f6 21. f4 Rad8 22. fxe5 fxe5 23. Ne4 Bd5 24. Ng5+ Kh8 25. b3 Rf5 26. Rg4 b5 27. Kb2 Rd7 28.
Re2 Rc7 29. Rd2 Rd7 30. c4 bxc4 31. bxc4 Be6 32. Rc2 Rb7+ 33. Kc3 Bd7 34. Rd2 Rf8 35. Re4 Rf5 36. Rxe5 Rxe5 37. Nf7+ Kh7 38.
Nxe5 Bf5 39. g4 Be6 40. g5 Rb1 41. Rd8 Re1 42. Nd3 Re4 43. Rd4 Re3 44. Kd2 Rg3 45. Re4 Bxc4 46. Rxe7+ Kh8 47.
Ne5 Rxg5 48. Nxc4 a5 49. Ne5 Rg2+ 50. Ke3 1-0

[Event "Schack-SM 2023: Veteran-SM 50+"]
[Site "Helsingborg Arena, Mellersta Stenbocksgatan 14, Helsingborg, Sweden"]
[Date "2023.07.02"]
[Round "2.2"]
[White "Moborn, Anders"]
[Black "Gamback, Bjorn"]
[Result "1-0"]
[TimeControl "90 minutes for 40 moves + 30 minutes for the rest of games + 30 seconds per move from move one."]
[BlackTitle "CM"]
[WhiteElo "1956"]
[BlackElo "2048"]

1. d4 Nf6 2. c4 e6 3. Nc3 Bb4 4. f3 c5 5. a3 cxd4 6. axb4 dxc3 7. bxc3 d5 8. c5 Bd7 9. Bf4 Nh5 10.
Bd6 Bb5 11. e3 Bxf1 12. Kxf1 b6 13. Qa4+ Qd7 14. cxb6 axb6 15. Qxd7+ Kxd7 16. Rxa8 Kxd6 17. Ne2 Nf6 18. Kf2 Nfd7 19.
Rd1 Rc8 20. e4 Rc4 21. exd5 exd5 22. Rd4 Nc6 23. Rxc4 dxc4 24. Rg8 Nf6 25. Rxg7 Ke7 26. Rg5 Kd6 27. Rf5 Ke6 28. g4 Nd5 29.
Nf4+ Nxf4 30. Rxf4 Ne5 31. Re4 f5 32. Re2 f4 33. Re4 b5 34. Rxf4 Nd3+ 35. Ke3 Nxf4 36. Kxf4 Kf6 37. h4 h6 38.
g5+ hxg5+ 39. hxg5+ 1-0